 Dungeon Crawl Stone Soup version 0.21.1-1-g345015f (webtiles) character file.

806 xccam the Basher (level 7, -7/61 HPs)
             Began as a Minotaur Monk on Feb 19, 2018.
             Killed from afar by an orc wizard (37 damage)
             ... with an exploding inner flame
             ... hexed by the player character
             ... on level 4 of the Dungeon.
             The game lasted 00:08:44 (3908 turns).

xccam the Basher (Minotaur Monk)                    Turns: 3908, Time: 00:08:45

Health: -7/61      AC:  8    Str: 16 (17) XL:     7   Next: 60%
Magic:  6/6        EV: 11    Int:  6 (7)  God:
Gold:   219        SH:  0    Dex: 10 (13) Spells: 6/6 levels left

rFire    . . .     SeeInvis .   a - +0 mace
rCold    . . .     Gourm    .   (no shield)
rNeg     . . .     Faith    .   o - +0 scale mail
rPois    .         Spirit   .   (helmet restricted)
rElec    .         Reflect  .   (no cloak)
rCorr    .         Harm     .   (no gloves)
MR       .....                  (no boots)
Stlth    +.........             (no amulet)
HPRegen  0.20/turn              f - +2 ring of protection
MPRegen  0.10/turn              n - ring of stealth

@: no status effects
A: retaliatory headbutt, horns 2
a: no special abilities


You were on level 4 of the Dungeon.
You were not hungry.

You visited 1 branch of the dungeon, and saw 4 of its levels.

You collected 219 gold pieces.

Inventory:

Hand Weapons
 a - a +0 mace (weapon)
Armour
 b - a +0 robe
 o - a +0 scale mail (worn)
Jewellery
 f - a +2 ring of protection (left hand)
 n - a ring of stealth (right hand)
Scrolls
 d - 4 scrolls of fog
 e - 2 scrolls of identify
 l - a scroll of teleportation {unknown}
 m - 2 scrolls of enchant armour {unknown}
Potions
 g - a potion of lignification
 i - a potion of magic
 j - a potion of agility
Comestibles
 c - 4 rations
 q - 3 chunks of flesh


   Skills:
 + Level 5.5 Fighting
 + Level 9.1 Maces & Flails
 + Level 5.0 Dodging
 - Level 1.5 Stealth


You had 6 spell levels left.
You didn't know any spells.

Dungeon Overview and Level Annotations

Branches:
Dungeon (4/15)
 Temple: D:4-7

Altars:
Makhleb
Nemelex Xobeh
Okawaru
Trog


Innate Abilities, Weirdness & Mutations

You reflexively headbutt those who attack you in melee.
You have a pair of horns on your head.


Message History

The creatures around you are filled with an inner flame!
It was a scroll of immolation.
The orc hits you but does no damage. Something hits you but does no damage.
You barely miss the orc. Your headbutt misses the orc.
Something completely misses you. The orc closely misses you.
You hit the orc. You headbutt the orc.
The orc is severely wounded.
Something hits you but does no damage. Something hits you. The orc misses you.
You closely miss the orc. You headbutt the orc, but do no damage.
The orc is severely wounded.
You hear some strange, mumbled words.
A magic dart appears from out of thin air!
The magic dart hits you! The orc hits you but does no damage.
Something hits you.
Unknown command.
You hit the orc.
The orc explodes!
The fiery explosion engulfs something.
The fiery explosion engulfs you!
Ouch! That really hurt!
You die...

......(.............)<##.# #...
....................>###.# ###..
##.#########.###.#().# #.# #3#..
#.# #####.###.#..)###.########
#.# #.##.................._#2#
##.#####.##..#...#...############
.................#........o.#3#..
##............§§§{.......##.###..
#.......##..#§§@#.).###.##.# #.#
#.......##..#.§§#...# #.##o###.#
#.......##..##§§#...###.##......
#.......##...[..(...........##.#
#............)[.....###.#...##.#
*#.###'#.###.............#...##.#
,,,,,,............##.#####g..##.#
,,,,,..,...........#.# ##...##.#
#*,**.,..........#.#.# #........


There were no monsters in sight!

Vanquished Creatures
  Purgy (D:3)
  A centaur (D:4)
  A crimson imp (D:2)
  6 orc priests (D:3)
  3 orc wizards (D:4)
  4 worker ants
  4 adders
  6 gnolls
  3 oozes
  2 worms
  5 dart slugs
  3 leopard geckos
  19 orcs
  5 bats
  4 giant cockroaches
  9 goblins
  4 hobgoblins
  7 jackals
  2 quokkas (D:3)
  2 ball pythons
  4 frilled lizards
  8 kobolds
  8 rats
111 creatures vanquished.

Notes
Turn   | Place    | Note
-------+----------+-------------------------------------------
     0 | D:1      | xccam the Minotaur Monk began the quest for the Orb.
     0 | D:1      | Reached XP level 1. HP: 19/19 MP: 0/0
    76 | D:1      | Reached skill level 4 in Maces & Flails
   127 | D:1      | Reached XP level 2. HP: 20/26 MP: 1/1
   480 | D:1      | Reached skill level 5 in Maces & Flails
   859 | D:2      | Reached XP level 3. HP: 22/31 MP: 2/2
   899 | D:2      | Found a sparkling altar of Nemelex Xobeh.
   960 | D:2      | Reached skill level 6 in Maces & Flails
   960 | D:2      | Reached XP level 4. HP: 20/39 MP: 3/3
  1834 | D:2      | Reached skill level 7 in Maces & Flails
  1834 | D:2      | Reached XP level 5. HP: 45/45 MP: 4/4
  1859 | D:2      | Found an iron altar of Okawaru.
  1877 | D:2      | Found a bloodstained altar of Trog.
  2040 | D:3      | Noticed Purgy
  2052 | D:3      | Killed Purgy
  2052 | D:3      | Reached skill level 8 in Maces & Flails
  2070 | D:3      | Reached XP level 6. HP: 41/52 MP: 5/5
  2382 | D:3      | Found a faded altar of an unknown god.
  3056 | D:4      | Reached XP level 7. HP: 41/60 MP: 6/6
  3059 | D:4      | Reached skill level 5 in Fighting
  3515 | D:3      | Reached skill level 9 in Maces & Flails
  3686 | D:4      | Reached skill level 5 in Dodging
  3692 | D:4      | Found a burning altar of Makhleb.
  3694 | D:4      | Noticed a blizzard demon
  3698 | D:4      | Noticed a ynoxinul
  3698 | D:4      | Noticed a neqoxec
  3908 | D:4      | Killed from afar by an orc wizard

Skill      XL: |  1  2  3  4  5  6  7 |
---------------+----------------------+-----
Maces & Flails | 4 5 6 7 8 9 |  9.1
Fighting       | 4 5 |  5.5
Dodging        | 4 5 |  5.0
Stealth        | |  1.5

Action                   |  1- 3 |  4- 6 |  7- 9 || total
-------------------------+-------+-------+-------++-------
Melee: Mace              |    69 |   182 |    76 ||   327
       Headbutt          |    11 |    39 |    14 ||    64
  Use: Scroll            |       |     1 |     5 ||     6
       Potion            |       |     1 |     4 ||     5
 Stab: Sleeping          |     2 |     5 |       ||     7
  Eat: Ration            |       |     1 |       ||     1
       Chunk             |       |     4 |     2 ||     6
Armor: Robe              |    18 |    42 |       ||    60
       Scale mail        |       |     5 |    46 ||    51
Dodge: Dodged            |    58 |   142 |    58 ||   258
